 Dungeon Crawl Stone Soup version 0.25-a0-1132-g9d38388ac0 (webtiles) character file.

Game seed: 4995518711934239027, levelgen mode: deterministic

28 Maedhros the Sneak (level 3, -1/23 HPs)
             Began as an Octopode Artificer on May 20, 2020.
             Slain by an adder (5 damage)
             ... on level 4 of the Dungeon.
             The game lasted 00:01:59 (366 turns).

Maedhros the Sneak (Octopode Artificer)              Turns: 366, Time: 00:01:59

Health: -1/23      AC:  1    Str: 11    XL:     3   Next: 14%
Magic:  5/5        EV: 13    Int: 13    God:
Gold:   28         SH:  0    Dex: 13    Spells: 2/2 levels left

rFire    . . .     SeeInvis .   a - +0 short sword
rCold    . . .     Gourm    .   (no shield)
rNeg     . . .     Faith    .   (helmet restricted)
rPois    +         Spirit   .   (no amulet)
rElec    .         Reflect  .   g - ring of poison resistance
rCorr    .         Harm     .   j - ring of stealth
MR       .....                  (no ring)
Stlth    ++++......             (no ring)
HPRegen  0.07/turn              (no ring)
MPRegen  0.09/turn              (no ring)
                                (no ring)
                                (no ring)

@: brilliant
A: almost no armour, stealthy swim, amphibious, 8 rings, constrict 8, camouflage
1, gelatinous body 1
a: no special abilities


You were on level 4 of the Dungeon.
You were not hungry.

You visited 1 branch of the dungeon, and saw 5 of its levels.

You collected 28 gold pieces.

Inventory:

Hand Weapons
 a - a +0 short sword (weapon)
Jewellery
 g - a ring of poison resistance (left tentacle)
 j - a ring of stealth (right tentacle)
Wands
 b - a wand of flame (15)
 c - a wand of enslavement (10)
 d - a wand of random effects (9)
Scrolls
 e - a scroll of identify {unknown}
 i - 2 scrolls of remove curse {unknown}
 k - a scroll of magic mapping {unknown}
Comestibles
 f - a ration


   Skills:
 - Level 1.0 Fighting
 - Level 1.0 Short Blades
 - Level 2.0 Dodging
 - Level 4.0 Stealth
 + Level 1.0 Unarmed Combat
 - Level 3.2 Evocations


You had 2 spell levels left.
You didn't know any spells.
Your spell library was empty.

Dungeon Overview and Level Annotations

Branches:
Dungeon (5/15)
 Temple: D:4-7

Altars:

Annotations:
D:4 Ijyb


Innate Abilities, Weirdness & Mutations

You cannot wear most types of armour.
You are very stealthy in the water. (Stealth+)
You are amphibious.
You can wear up to eight rings at the same time.
You can use your tentacles to constrict eight enemies at once.
Your skin changes colour to match your surroundings (Stealth+).
Your rubbery body absorbs attacks. (AC +1, EV +1)


Message History

Aiming: Random Effects
Press: ? - help, Shift-Dir - straight line, f/p - Ijyb
Aim: Ijyb, wielding a +0 club, wearing a +0 leather armour and carrying a wand of digging (4) (heavily wounded) Ijyb flickers and vanishes!
Deactivating autopickup; reactivate with Ctrl-A.
Evoke which item? (* to show all) (? for menu, Esc to quit)
Aiming: Random Effects
Press: ? - help, Shift-Dir - straight line, f - adder
Aim: an adder The puff of flame hits the adder.
The adder is heavily wounded.
Evoke which item? (* to show all) (? for menu, Esc to quit)
Aiming: Random Effects
Press: ? - help, Shift-Dir - straight line, f/p - adder
Aim: an adder (heavily wounded)
The adder struggles to resist.
You miss the adder. Your grab misses the adder.
The adder is heavily wounded.
The adder completely misses you. The adder bites you.
You die...

#...# #..............#
##.... ##........>....#
#.....## #.....s.......#
###......####.....†......#
#........................#
...........##...........#
#.........###........###
#......S...###..[...##
#......@..# ##....##
#.........## #..##
#..........# ###
#..........# #..#........#
#...#........#
#...#######..# #...# #..#
....# ..#


You could see an adder.

Vanquished Creatures
  3 leopard geckos (D:1)
  A giant cockroach (D:1)
  2 goblins
  4 hobgoblins (D:1)
  A jackal (D:3)
  A bat (D:1)
  A jackal zombie (D:5)
  3 kobolds (D:1)
  3 rats
19 creatures vanquished.

Vanquished Creatures (collateral kills)
  An adder (D:4)
  A jackal (D:3)
2 creatures vanquished.

Vanquished Creatures (others)
  A jackal (D:3)
1 creature vanquished.

Grand Total: 22 creatures vanquished

Notes
Turn   | Place    | Note
-------+----------+-------------------------------------------
     0 | D:1      | Maedhros the Octopode Artificer began the quest for the
                  | Orb.
     0 | D:1      | Reached XP level 1. HP: 13/13 MP: 3/3
    46 | D:1      | Reached skill level 2 in Stealth
    76 | D:1      | Reached XP level 2. HP: 6/18 MP: 4/4
    77 | D:1      | Reached skill level 3 in Stealth
   248 | D:3      | Reached skill level 4 in Stealth
   261 | D:3      | Found a faded altar of an unknown god.
   306 | D:3      | You fall into a shaft and drop 2 floors!
   306 | D:5      | Entered Level 5 of the Dungeon
   316 | D:5      | Reached XP level 3. HP: 5/23 MP: 5/5
   328 | D:4      | Noticed a scorpion
   330 | D:4      | HP: 1/23 [scorpion (5)]
   334 | D:4      | Reached skill level 1 in Unarmed Combat
   347 | D:4      | Noticed Ijyb
   366 | D:4      | Slain by an adder

Illustrated notes

Levels and vault maps discovered:
D:1:      lightli_arrival_farm, layout_basic, serial_park_tiny_1,
          grunt_decor_arrowhead
D:2:      layout_basic, tgw_trog, first_ration
D:3:      layout_basic, chequers_ecumenical_altar_simple
D:4:      cheibrodos_greedy_goblins, layout_cave_pods, serial_shops, shop,
          gup_sewer_entry_glass, uniq_ijyb
D:5:      layout_cave_pools, dancing_weapons_uskayaw, nicolae_ru_path_of_blood,
          uniq_sigmund

Skill      XL: |  1  2  3 |
---------------+----------+-----
Stealth        | 2 4 |  4.0
Unarmed Combat | 1 |  1.0
Fighting       | |  1.0
Short Blades   | |  1.0
Dodging        | |  2.0
Evocations     | |  3.2

Action                   || total
-------------------------++-------
Melee: Short sword       ||    38
       Constrict         ||    15
       Tentacles         ||     8
Evoke: Wand              ||    11
  Use: Potion            ||     1
 Stab: Sleeping          ||     1
Armor: Skin              ||     2
Dodge: Dodged            ||    26

Table legend:
 A = Non-vault XP
 B = Vault XP
 C = Vault XP percentage of total XP
 D = Non-vault monster count
 E = Vault monster count
 F = Vault count percentage of total count
                 A         B        C        D         E       F
            +---------+---------+-------+---------+---------+-------
      Total |      41 |       0 |   0.0 |      21 |       0 |   0.0
            +---------+---------+-------+---------+---------+-------
        D:1 |      27 |       0 |   0.0 |      15 |       0 |   0.0
        D:3 |       6 |       0 |   0.0 |       4 |       0 |   0.0
        D:4 |       7 |       0 |   0.0 |       1 |       0 |   0.0
        D:5 |       1 |       0 |   0.0 |       1 |       0 |   0.0
            +---------+---------+-------+---------+---------+-------
